 Dungeon Sprint DCSS version 0.30.1-3-gfc49f6343a (webtiles) character file.

Game seed: 2939633911801445224

51 Groucho the Ducker (level 3, -2/19 HPs)
             Began as a Felid Fighter on July 23, 2023.
             Slain by a blink frog (10 damage)
             ... in the Dungeon (Sprint IX: "|||||||||||||||||||||||||||||").
             The game lasted 00:00:44 (164 turns).

Groucho the Ducker (Felid Fighter)                   Turns: 164, Time: 00:00:45

Health: -2/19      AC:  1    Str: 12    XL:     3   Next: 57%
Magic:  6/6        EV: 21    Int:  9    God:
Gold:   0          SH:  0    Dex: 17    Spells: 2/2 levels left
                                        Lives:  0   Deaths: 1

rFire   . .          .
                       - Unarmed
rCold   . . .        (shield unavailable)
rNeg    . . .        (body armour unavailable)
rPois   .            (helmet unavailable)
rElec   .            (cloak unavailable)
rCorr   .            (gloves unavailable)
SInv    +            (boots unavailable)
Will    .....        (no amulet)
Stlth   +++          (no ring)
HPRegen 0.23/turn    (no ring)
MPRegen 0.10/turn

%: no teleportation
@: lethally poisoned (-2 -> -12), quick
A: very small, claws 1, fangs 3, see invisible, speed 1, shaggy fur 1, stealthy
paws, no weapons or thrown items, no armour, multi-lived
a: no special abilities


You were in the Dungeon.
You visited 1 branch

Inventory:

Scrolls
 f - a scroll of identify
 g - 2 scrolls of blinking
Potions
 a - a potion of might
 b - a potion of curing
 c - a potion of heal wounds
 d - a potion of haste
 e - 2 potions of magic


   Skills:
 + Level 5.0 Fighting
 + Level 6.6 Dodging
 + Level 5.5 Stealth
 + Level 5.7 Unarmed Combat
 + Level 3.8 Invocations


You had 2 spell levels left.
You didn't know any spells.
Your spell library was empty.

Dungeon Overview and Level Annotations

Branches:
Dungeon (1/1)

Altars:


Innate Abilities, Weirdness & Mutations

You have sharp claws.
You have razor-sharp teeth.
You have supernaturally acute eyesight. (SInv)
You cover ground quickly. (Speed+)
You are covered in fur. (AC +1)
Your paws help you pounce on unaware monsters.
You are incapable of wielding weapons or throwing items.
You cannot wear armour.
You gain extra lives every three experience levels.


Message History

The gnoll sergeant is moderately wounded.
The gnoll sergeant hits you with a +5 trident of distortion!
You die...
You are now level 3!
You rejoin the land of the living...
Found ten items.
Unknown command.
Unknown command.
Unknown command.
Unknown command.
You see here a +0 pair of boots.
You see here 2 scrolls of enchant weapon.
g - 2 scrolls of blinking (gained 1)
You see here 2 scrolls of enchant armour.
f - a scroll of identify You see here 2 scrolls of enchant armour.
You open the door.
A water moccasin, a boulder beetle, a yak and 3 giant frogs come into view.
The bullfrog croaks.
The blink frog croaks.
The boulder beetle curls into a ball and begins rolling!
You closely miss the blink frog.
The bullfrog gives a loud, deep croak!
Your bite misses the blink frog. The blink frog misses you. x2
The boulder beetle stops rolling and uncurls.
You claw the blink frog! You claw the blink frog.
The blink frog is moderately wounded.
The blink frog blinks!
You scratch the water moccasin but do no damage.
The water moccasin bites you!
You are lethally poisoned!
The water moccasin poisons you!
You claw the water moccasin!
The water moccasin is moderately wounded.
You feel very sick. The water moccasin closely misses you.
A water moccasin comes into view.
The water moccasin completely misses you.
The blink frog hits you!
Ouch! That really hurt!
You die...

▓▓▓▓▓▓▓▓▓▓▓▓▓▓▓▓▓▓▓▓▓
+!!!!!):[?.?F@SBYFF.S
▓▓▓▓▓▓▓▓▓▓▓▓▓▓▓▓▓▓▓▓▓
▓▓▓▓▓▓▓▓▓▓▓▓▓
'†....'††gl.+
▓▓▓▓▓▓▓▓▓▓▓▓▓


You could see a boulder beetle, a yak, a blink frog, 2 water moccasins and 2
bullfrogs.

Vanquished Creatures
  A scorpion (D)
  A hound (D)
  An adder (D)
  A dart slug (D)
  A giant cockroach (D)
  A hobgoblin (D)
  A frilled lizard (D)
  A rat (D)
8 creatures vanquished.

Notes
Turn   | Place    | Note
-------+----------+-------------------------------------------
     0 | D        | Groucho the Felid Fighter began the quest for the Orb.
     0 | D        | Reached XP level 1. HP: 10/10 MP: 2/2
     8 | D        | Reached skill level 1 in Stealth
     9 | D        | Reached skill level 1 in Invocations
   133 | D        | Noticed a scorpion
   133 | D        | Noticed a hound
   133 | D        | Noticed a gnoll sergeant
   133 | D        | Noticed an iguana
   140 | D        | Killed a scorpion
   141 | D        | Reached skill level 6 in Dodging
   141 | D        | Reached skill level 5 in Unarmed Combat
   141 | D        | Reached XP level 2. HP: 15/15 MP: 3/5
   141 | D        | Reached XP level 3. HP: 18/18 MP: 3/6
   141 | D        | Reached XP level 4. HP: 22/22 MP: 3/7
   147 | D        | Reached skill level 5 in Stealth
   148 | D        | Reached skill level 5 in Fighting
   151 | D        | Slain by a gnoll sergeant
   152 | D        | Reached XP level 3. HP: -3/28 MP: 3/6
   160 | D        | Noticed a blink frog
   160 | D        | Noticed a water moccasin
   160 | D        | Noticed a boulder beetle
   160 | D        | Noticed a yak
   160 | D        | Noticed a bullfrog
   160 | D        | Noticed a bullfrog
   164 | D        | Noticed a water moccasin
   164 | D        | Slain by a blink frog

Illustrated notes

Levels and vault maps discovered:
D:        linesprint [early_d, line_temple, items_1, d_10, items_2, lair_1,
          lair_end, items_3, orc_1, orc_end, items_4, d_15, swamp_1, shoals_1,
          snake_1, spider_1, d_20, vaults_1, items_5, swamp_end, shoals_end,
          snake_end, spider_end, vaults_end, d_27, items_6, zot_1, zot_end,
          crypt_end, forest_end, elf_end, slime_end, tomb_end, abyss_end,
          pan_hell_end]

Skill      XL: |  1  2  3  4 |
---------------+-------------+-----
Stealth        | 4 5 |  5.5
Invocations    | 3 |  3.8
Fighting       | 4 5 |  5.0
Dodging        | 6 |  6.6
Unarmed Combat | 5 |  5.7

Action                     |  1- 3 |  4- 6 || total
---------------------------+-------+-------++-------
  Melee: Unarmed           |    20 |     9 ||    29
         Punch             |     2 |       ||     2
    Use: Potion            |     1 |       ||     1
  Dodge: Dodged            |    13 |     5 ||    18
